 Dungeon Crawl Stone Soup version 0.18.1-50-g88ac8fd (webtiles) character file.

347 Gargoyl the Distorting Demonspawn (level 6, -1/48 HPs)
             Began as a Demonspawn Abyssal Knight on Sept 28, 2016.
             Was a Believer of Lugonu.
             Killed from afar by Sigmund (6 damage)
             ... with a puff of flame
             ... on level 3 of the Dungeon.
             The game lasted 00:06:59 (2517 turns).

Gargoyl the Distorting Demonspawn (DsAK)            Turns: 2517, Time: 00:07:00

Health: -1/48      AC:  6    Str: 12 (15) XL:     6   Next: 32%
Magic:  9/9        EV: 17    Int: 11 (13) God:    Lugonu [**....]
Gold:   177        SH:  0    Dex: 10 (12) Spells: 0 memorised, 5 levels left

rFire  . . .     SeeInvis .     a - +1 hand axe
rCold  . . .     Gourm    .     b - +0 leather armour
rNeg   . . .     Faith    .     (no shield)
rPois  .         Spirit   .     (helmet restricted)
rElec  .         Dismiss  .     i - +0 cloak
rCorr  .         Reflect  .     (no gloves)
SustAt .         Harm     .     (no boots)
MR     .....                    (no amulet)
Stlth  +.........               (no ring)
                                d - +5 ring of evasion

@: not resistant to hostile enchantments, very unstealthy
A: antennae 2, thin metallic scales 1, rot immunity
a: Depart the Abyss, Bend Space, Renounce Religion


You were on level 3 of the Dungeon.
You worshipped Lugonu.
Lugonu was pleased with you.
You were not hungry.

You visited 1 branch of the dungeon, and saw 3 of its levels.
You visited the Abyss 1 time.

You collected 177 gold pieces.

Inventory:

Hand Weapons
 a - a +1 hand axe (weapon)
Missiles
 k - 5 tomahawks (quivered)
Armour
 b - a +0 leather armour (worn)
 i - a +0 cloak (worn)
Jewellery
 d - a +5 ring of evasion (left hand)
Scrolls
 e - 2 scrolls of teleportation {unknown}
 f - 2 scrolls of amnesia {unknown}
 g - a scroll of identify {unknown}
 j - a scroll of fear {unknown}
 n - 2 scrolls of enchant weapon {unknown}
 o - a scroll of remove curse {unknown}
Comestibles
 c - 2 bread rations
 h - 2 meat rations
 m - 5 fruits


   Skills:
 + Level 4.1 Fighting
 + Level 3.2 Axes
 + Level 0.3 Throwing
 * Level 2.9 Armour
 + Level 2.7 Dodging
 * Level 4.3 Invocations


You had 5 spell levels left.
You didn't know any spells.

Dungeon Overview and Level Annotations

Branches:
Dungeon (3/15)

Altars:
Cheibriados

Annotations:
D:3 Sigmund


Innate Abilities, Weirdness & Mutations

You have a pair of antennae on your head.
You are partially covered in thin metallic scales (AC +2).
You are immune to rotting.


Message History

The puff of flame hits you!
You closely miss something.
You feel less confused. Something hits you.
* * * LOW HITPOINT WARNING * * *
2 orcs come into view.
You miss something.
The orc shouts! x2
The orc throws a tomahawk of dispersal.
The tomahawk of dispersal closely misses you.
Something hits you.
* * * LOW HITPOINT WARNING * * *
x2 An orc comes into view. It is wielding a club.
The orc wizard gestures wildly while chanting.
The orc wizard seems to speed up.
Something hits you.
* * * LOW HITPOINT WARNING * * *
x2 A puff of flame appears from out of thin air!
The puff of flame hits you!
You die...

#..# #..##
#.. ##..#
#.# ##.# #.
#.# #.# #.#
#.## #..#
##@# .# #..#
... #.##
.#.. #.#
....# #{#
.>....##o#
...#..#oo#
#.....{o##
##.#.#oo####


You could see an orc wizard and 3 orcs.

Vanquished Creatures
  Grinder (D:3)
  Jessica (D:3)
  3 adders (D:2)
  An ooze (D:1)
  5 worms
  2 dart slugs
  2 giant geckos (D:3)
  2 giant cockroaches
  7 goblins
  11 hobgoblins
  3 jackals (D:1)
  11 kobolds
  2 quokkas
  10 bats
  9 rats
70 creatures vanquished.

Notes
Turn   | Place    | Note
--------------------------------------------------------------
     0 | Abyss:1  | Gargoyl the Demonspawn Abyssal Knight began the quest for the Orb.
     0 | Abyss:1  | Reached XP level 1. HP: 18/18 MP: 2/2
    42 | Abyss:1  | Noticed a small abomination
    68 | D:1      | Escaped the Abyss
    76 | D:1      | Reached skill level 1 in Dodging
    78 | D:1      | Reached * piety under Lugonu
   165 | D:1      | Gained mutation: You are partially covered in thin metallic scales (AC +2). [demonic ancestry]
   165 | D:1      | Reached XP level 2. HP: 24/24 MP: 4/4
   385 | D:1      | Reached XP level 3. HP: 22/29 MP: 5/5
  1211 | D:2      | Reached ** piety under Lugonu
  1488 | D:2      | Gained mutation: You are immune to rotting. [demonic ancestry]
  1488 | D:2      | Reached XP level 4. HP: 31/36 MP: 6/6
  1701 | D:2      | Found a snail-covered altar of Cheibriados.
  2154 | D:3      | Noticed Grinder
  2154 | D:3      | Paralysed by Grinder for 5 turns
  2165 | D:3      | Paralysed by Grinder for 6 turns
  2182 | D:3      | Paralysed by Grinder for 5 turns
  2203 | D:3      | Killed Grinder
  2203 | D:3      | Gained mutation: You have a pair of small antennae on your head. [demonic ancestry]
  2203 | D:3      | Reached XP level 5. HP: 31/42 MP: 6/8
  2203 | D:3      | Gained mutation: You have a pair of antennae on your head. [demonic ancestry]
  2203 | D:3      | Reached XP level 6. HP: 35/48 MP: 6/9
  2417 | D:3      | Noticed Jessica
  2435 | D:3      | Killed Jessica
  2487 | D:3      | Noticed Sigmund
  2517 | D:3      | Killed from afar by Sigmund

Skill      XL: |  1  2  3  4 |
---------------+-------------+-----
Dodging        | 1 2 |  2.7
Armour         | 2 |  2.9
Axes           | 2 3 |  3.2
Invocations    | 3 4 |  4.3
Fighting       | 4 |  4.1
Throwing       | |  0.3

Action                   |  1- 3 |  4- 6 || total
-------------------------+-------+-------++-------
Melee: Hand axe          |   118 |   132 ||   250
Throw: Tomahawk          |       |     5 ||     5
Invok: Depart the Abyss  |     1 |       ||     1
  Use: Potion            |       |     3 ||     3
  Eat: Chunk             |     2 |     4 ||     6
Armor: Leather armour    |    26 |    40 ||    66
       Skin              |       |     3 ||     3
Dodge: Dodged            |   105 |   124 ||   229
